 Dungeon Crawl Stone Soup version 0.21.1-1-g345015f (webtiles) character file.

71 kae the Insei (level 4, -5/37 HPs)
             Began as a Demonspawn Monk on Apr 22, 2018.
             Killed from afar by an orc wizard (11 damage)
             ... with a puff of flame
             ... on level 2 of the Dungeon.
             The game lasted 00:01:42 (1020 turns).

kae the Insei (Demonspawn Monk)                     Turns: 1020, Time: 00:01:42

Health: -5/37      AC:  3    Str: 15 (17) XL:     4   Next: 5%
Magic:  4/4        EV: 13    Int: 10 (11) God:
Gold:   48         SH:  0    Dex: 16      Spells: 3/3 levels left

rFire    . . .     SeeInvis .     - Unarmed
rCold    . . .     Gourm    .   (no shield)
rNeg     . . .     Faith    .   a - +0 robe
rPois    .         Spirit   .   (no helmet)
rElec    .         Reflect  .   (no cloak)
rCorr    .         Harm     .   (no gloves)
MR       .....                  c - +0 pair of boots
Stlth    +.........             (no amulet)
HPRegen  0.12/turn              (no ring)
MPRegen  0.09/turn              (no ring)

@: confused, mighty, very slightly contaminated, invisible
A: claws 1, powered by pain 1
a: no special abilities


You were on level 2 of the Dungeon.
You were not hungry.

You visited 1 branch of the dungeon, and saw 2 of its levels.

You collected 48 gold pieces.

Inventory:

Armour
 a - a +0 robe (worn)
 c - a +0 pair of boots (worn)
Scrolls
 g - a scroll of fear {unknown}
 j - a scroll of random uselessness {unknown}
 k - a scroll of identify
Potions
 e - a potion of ambrosia
Comestibles
 b - 5 rations
 i - 2 chunks of flesh


   Skills:
 + Level 3.7 Fighting
 - Level 2.6 Dodging
 - Level 1.7 Stealth
 * Level 4.0 Unarmed Combat


You had 3 spell levels left.
You didn't know any spells.

Dungeon Overview and Level Annotations

Branches:
Dungeon (2/15)

Altars:


Innate Abilities, Weirdness & Mutations

You have sharp fingernails.
You sometimes gain a little power by taking damage.


Message History

Things that are here:
a club; a scale mail
Things that are here:
a club; a leather armour; an orc corpse You barely miss something.
You are starting to lose your buoyancy.
An ooze comes into view.
The ooze moves out of view.
Things that are here:
a dagger; a robe You hear some strange, mumbled words.
You are confused.
You're too confused to move!
You float gracefully downwards.
Things that are here:
a club; a scale mail You hear some strange, mumbled words.
A puff of flame appears from out of thin air!
The puff of flame hits you!
You die...

.. ###..#......#..### ...
.......####)†..... .[..
##.....##........
....###........(......# ###
....................# ....
...................# .....
#................#
#....##){............... ##.
#.....)@................ ###..#
###.....#)................
.....##........................#.
..............#........##.....###
.....#..########.#.#.........####
........# ##.#...............
.......## ##....##########.###
........######.....##########...#
.....##..........................


There were no monsters in sight!

Vanquished Creatures
  An adder (D:2)
  A dart slug (D:1)
  3 leopard geckos
  An orc (D:2)
  2 giant cockroaches
  2 goblins (D:2)
  2 hobgoblins (D:2)
  3 jackals (D:2)
  3 kobolds
  A ball python (D:1)
  2 bats
  4 frilled lizards
  A quokka skeleton (D:2)
  3 rats
29 creatures vanquished.

Vanquished Creatures (others)
  An orc wizard (D:2)
  An orc (D:2)
2 creatures vanquished.

Grand Total: 31 creatures vanquished

Notes
Turn   | Place    | Note
-------+----------+-------------------------------------------
     0 | D:1      | kae the Demonspawn Monk began the quest for the Orb.
     0 | D:1      | Reached XP level 1. HP: 18/18 MP: 1/1
   260 | D:1      | Reached skill level 3 in Unarmed Combat
   321 | D:1      | Gained mutation: You sometimes gain a little power by taking damage. [demonic ancestry]
   321 | D:1      | Reached XP level 2. HP: 24/24 MP: 2/2
   767 | D:2      | Gained mutation: You have sharp fingernails. [demonic ancestry]
   767 | D:2      | Reached XP level 3. HP: 25/29 MP: 3/3
  1007 | D:2      | Reached skill level 4 in Unarmed Combat
  1007 | D:2      | Reached XP level 4. HP: 7/37 MP: 4/4
  1020 | D:2      | Killed from afar by an orc wizard

Skill      XL: |  1  2  3 |
---------------+----------+-----
Unarmed Combat | 3 4 |  4.0
Fighting       | |  3.7
Dodging        | |  2.6
Stealth        | |  1.7

Action                   |  1- 3 |  4- 6 || total
-------------------------+-------+-------++-------
Melee: Unarmed           |    98 |     2 ||   100
       Punch             |     1 |       ||     1
  Use: Scroll            |     1 |       ||     1
       Potion            |     4 |       ||     4
 Stab: Sleeping          |     1 |       ||     1
       Invisible         |     2 |     1 ||     3
Armor: Robe              |    22 |       ||    22
Dodge: Dodged            |    87 |       ||    87
